 Dungeon Crawl Stone Soup version 0.25.1-2-g60ff931df9 (webtiles) character file.

Game seed: 3397216525027346817

3287 NarcSill the Spear-Bearer (level 9, -1/78 HPs)
             Began as a Minotaur Gladiator on Aug 13, 2020.
             Was a Follower of Makhleb.
             Killed from afar by an electric eel (10 damage)
             ... with a bolt of electricity
             ... on level 8 of the Dungeon.
             The game lasted 00:55:42 (7583 turns).

NarcSill the Spear-Bearer (Minotaur Gladiator)      Turns: 7583, Time: 00:55:43

Health: -1/78      AC: 11    Str: 19    XL:     9   Next: 69%
Magic:  8/8        EV: 12    Int:  5    God:    Makhleb [*.....]
Gold:   374        SH:  5    Dex: 15    Spells: 8/8 levels left

rFire    . . .     SeeInvis .   a - +0 trident
rCold    + . .     Gourm    .   (no shield)
rNeg     . . .     Faith    .   q - +2 scale mail {rC+}
rPois    .         Spirit   .   c - +0 hat
rElec    .         Reflect  +   I - +0 cloak
rCorr    +         Harm     .   (no gloves)
MR       +....                  (no boots)
Stlth    +.........             r - amulet of reflection
HPRegen  0.23/turn              O - ring of resist corrosion
MPRegen  0.11/turn              B - ring of protection from magic

@: about to teleport
A: retaliatory headbutt, horns 2
a: Renounce Religion


You were on level 8 of the Dungeon.
You worshipped Makhleb.
Makhleb was aware of your devotion.
You were hungry.

You visited 2 branches of the dungeon, and saw 10 of its levels.

You collected 478 gold pieces.
You spent 104 gold pieces at shops.

Inventory:

Hand Weapons
 a - a +0 trident (weapon)
 L - a +0 hunting sling
Missiles
 i - 183 stones
 v - 29 poisoned darts (quivered)
 P - a throwing net
Armour
 c - a +0 hat (worn)
 q - a +2 scale mail of cold resistance (worn)
 I - a +0 cloak (worn)
 R - a +0 plate armour
Jewellery
 j - an uncursed amulet of guardian spirit
 r - an amulet of reflection (around neck)
 B - a ring of protection from magic (right hand)
 O - a ring of resist corrosion (left hand)
Wands
 N - a wand of polymorph (6)
 S - a wand of acid (7)
Scrolls
 e - 4 scrolls of remove curse
 h - 4 scrolls of teleportation
 l - 3 scrolls of identify
 n - a scroll of fear
 x - a scroll of fog {unknown}
 C - a scroll of random uselessness {unknown}
 E - a scroll of magic mapping {unknown}
 F - 3 scrolls of immolation {unknown}
 J - 2 scrolls of enchant weapon {unknown}
 K - 2 scrolls of blinking {unknown}
 M - a scroll of amnesia
Potions
 d - a potion of mutation {unknown}
 k - a potion of ambrosia {unknown}
 m - a potion of degeneration {unknown}
 p - a potion of lignification
 s - a potion of curing
 t - a potion of cancellation
 w - a potion of heal wounds {unknown}
 A - a potion of might {unknown}
 G - 2 potions of flight
 H - a potion of stabbing {unknown}
Comestibles
 f - 13 rations


   Skills:
 + Level 6.8 Fighting
 + Level 10.6 Polearms
 + Level 1.4(4.6) Slings
 + Level 6.3(6.4) Throwing
 + Level 7.4 Armour
 - Level 3.6 Dodging
 + Level 2.1 Stealth


You had 8 spell levels left.
You didn't know any spells.
Your spell library contained the following spells:

 Spells                   Type           Power        Failure   Level  Hunger
 Infusion                 Chrm           #...         80%         1    ##.....
 Shroud of Golubria       Chrm/Tloc      #.....       91%         2    ###....
 Song of Slaying          Chrm           #.......     91%         2    ###....
 Ozocubu's Armour         Chrm/Ice       #.......     99%         3    ####...
 Spectral Weapon          Hex/Chrm       #.......     99%         3    ####...


Dungeon Overview and Level Annotations

Branches:
Dungeon (10/15)            Temple (1/1) D:7            Lair (0/6) D:10
    Orc: D:9-12

Altars:
Cheibriados
Dithmenos
Elyvilon
Fedhas
Gozag
Hepliaklqana
Kikubaaqudgha
Makhleb
Nemelex Xobeh
Okawaru
Qazlal
Ru
Sif Muna
Uskayaw
Vehumet
Wu Jian
Xom
Yredelemnul
Zin
The Shining One

Shops:
D:6 %   D:7 *

Annotations:
D:6 1 runed translucent door, Doot's ghost, novice TeFE
D:10 exclusion: 2 oklob plants


Innate Abilities, Weirdness & Mutations

You reflexively headbutt those who attack you in melee.
You have a pair of horns on your head.


Message History

The bolt of electricity hits you!
* * * LOW HITPOINT WARNING * * *
The bolt of electricity hits the plant!
The electric eel shoots out a bolt of lightning at you!
The bolt of electricity hits you.
* * * LOW HITPOINT WARNING * * *
You feel better.
The electric eel shoots out a bolt of lightning at you!
The bolt of electricity hits you!
* * * LOW HITPOINT WARNING * * *
The bolt of electricity hits the plant!
As you read the scroll of teleportation, it crumbles to dust.
You feel strangely unstable.
The electric eel shoots out a bolt of lightning at you!
The bolt of electricity hits you!
* * * LOW HITPOINT WARNING * * *
The bolt of electricity hits the plant.
The electric eel shoots out a bolt of lightning at you!
The bolt of electricity hits you!
You die...

...###...........♣♣♣≈♣....
....##.........♣♣♣≈≈≈≈≈...
....###...÷##.♣♣♣♣≈≈≈≈≈≈..
...........# ♣♣♣≈P≈≈≈≈≈≈♣#
..........)#♣♣≈P≈≈≈≈≈≈≈P≈♣
...........♣P≈≈≈≈≈≈≈≈≈P≈PP
...##.....≈≈≈P≈≈≈≈≈;≈≈≈≈P≈
....##....♣PP≈≈P≈≈≈≈≈≈≈≈≈.
.....#..........@.........
..........♣P≈≈≈≈≈≈≈≈≈≈≈≈≈.
.........♣≈≈≈≈≈≈≈P≈P≈≈≈≈≈.
..#......≈P≈≈≈≈≈≈≈♣♣♣P;≈≈.
###......♣≈P≈P≈≈♣♣♣ ♣≈≈≈.
....#.#..♣≈≈≈≈≈≈♣ ≈≈≈.
.#..#.#..≈≈≈≈≈≈≈♣ P≈.
##.......P≈≈≈P≈♣ ≈.
#.......<♣≈♣###


You could see 2 electric eels.

Vanquished Creatures
  Erica (D:8)
  A human (D:7)
  4 hogs (D:7)
  A steam dragon (D:10)
  2 orc warriors
  4 phantoms
  A hornet zombie (D:2)
  A necrophage (D:9)
  An ogre (D:7)
  2 bullfrogs
  A scorpion (D:8)
  4 killer bees (D:8)
  A howler monkey (D:7)
  4 orc priests
  5 orc wizards
  2 worker ants (D:6)
  A hound skeleton (D:7)
  4 gnolls (D:3)
  15 adders
  A shadow imp (D:7)
  An ooze (D:1)
  3 worms
  3 leopard geckos
  16 orcs
  A ball python (D:4)
  A bat (D:2)
  4 giant cockroaches
  5 goblins
  9 hobgoblins
  2 jackals (D:4)
  6 quokkas
  7 frilled lizards
  7 kobolds
  A quokka skeleton (D:7)
  11 rats
133 creatures vanquished.

Vanquished Creatures (others)
  A kobold (D:3)
1 creature vanquished.

Grand Total: 134 creatures vanquished

Notes
Turn   | Place    | Note
-------+----------+-------------------------------------------
     0 | D:1      | NarcSill the Minotaur Gladiator began the quest for the
                  | Orb.
     0 | D:1      | Reached XP level 1. HP: 18/18 MP: 0/0
   144 | D:1      | Reached XP level 2. HP: 24/25 MP: 1/1
   304 | D:1      | Reached skill level 4 in Polearms
   399 | D:2      | Found a white marble altar of Elyvilon.
   427 | D:2      | Reached XP level 3. HP: 19/31 MP: 2/2
   463 | D:2      | Reached skill level 5 in Polearms
   463 | D:2      | Reached skill level 1 in Armour
   463 | D:2      | Reached XP level 4. HP: 6/38 MP: 3/3
  1151 | D:2      | Reached XP level 5. HP: 45/45 MP: 4/4
  1949 | D:3      | Reached skill level 6 in Polearms
  2315 | D:4      | Reached XP level 6. HP: 52/52 MP: 5/5
  2493 | D:4      | Found a sacrificial altar of Ru.
  3035 | D:4      | Reached skill level 7 in Polearms
  3035 | D:4      | Reached skill level 1 in Stealth
  3035 | D:4      | Reached XP level 7. HP: 58/59 MP: 6/6
  3171 | D:4      | You fall into a shaft and drop 2 floors!
  3299 | D:6      | Found Suoduut's Food Shoppe.
  3316 | D:6      | Found a shimmering altar of Xom.
  3318 | D:6      | Found a glowing golden altar of the Shining One.
  3318 | D:6      | Found a sparkling altar of Nemelex Xobeh.
  3320 | D:6      | Found a bloodstained altar of Trog.
  3320 | D:6      | Found a shimmering altar of Xom.
  3320 | D:6      | Found a shimmering altar of Xom.
  3493 | D:6      | Found a runed translucent door.
  3500 | D:6      | Noticed Doot's ghost (novice TeFE)
  3511 | D:6      | Found a shimmering altar of Xom.
  3840 | D:6      | Found an iron altar of Okawaru.
  3847 | D:6      | Found a sparkling altar of Nemelex Xobeh.
  3856 | D:6      | Found a basalt altar of Yredelemnul.
  4072 | D:6      | Found a glowing silver altar of Zin.
  4789 | D:7      | Found Evuarcho's General Store.
  4821 | D:7      | Bought a potion of curing for 48 gold pieces
  4821 | D:7      | Bought a scroll of amnesia for 56 gold pieces
  4912 | D:7      | Reached XP level 8. HP: 22/67 MP: 7/7
  4915 | D:7      | Noticed an air elemental
  5130 | D:7      | Found a stormy altar of Qazlal.
  5208 | D:7      | Found a staircase to the Ecumenical Temple.
  5218 | Temple   | Entered the Ecumenical Temple
  5321 | Temple   | Became a worshipper of Makhleb the Destroyer
  5381 | D:7      | Found a hazy altar of Hepliaklqana.
  5382 | D:7      | Found a shimmering altar of Xom.
  5383 | D:7      | Noticed a spectral ugly thing
  5817 | D:7      | Reached skill level 8 in Polearms
  5958 | D:7      | Reached skill level 1 in Slings
  5958 | D:7      | Reached skill level 5 in Throwing
  5958 | D:7      | Reached skill level 5 in Armour
  5963 | D:7      | Reached skill level 5 in Fighting
  6205 | D:7      | You fall into a shaft and drop 3 floors!
  6205 | D:10     | Entered Level 10 of the Dungeon
  6274 | D:10     | Found a staircase to the Lair.
  6274 | D:10     | Noticed an oklob plant
  6274 | D:10     | Noticed an oklob plant
  6314 | D:10     | Reached skill level 9 in Polearms
  6314 | D:10     | Reached XP level 9. HP: 40/74 MP: 8/8
  6943 | D:8      | Found an ornate altar of the Wu Jian Council.
  6961 | D:8      | Noticed Erica
  6987 | D:8      | Killed Erica
  6987 | D:8      | Reached skill level 10 in Polearms
  7181 | D:8      | Found a hide-covered altar of Uskayaw.
  7470 | D:8      | Reached * piety under Makhleb
  7583 | D:8      | Killed from afar by an electric eel

Illustrated notes

Levels and vault maps discovered:
D:1:      scummos_arrival_forest, layout_basic, st_stairs_14
D:2:      layout_basic, nicolae_overflow_crystal_walls, first_ration,
          kennysheep_generic_room_2
D:3:      layout_rooms
D:4:      layout_gridville, hangedman_ru_absence
D:6:      layout_loops_ring, grunt_temple_overflow_diamond,
          lemuel_coloured_pillars_altar, ebering_ghost_reflecting_pool,
          serial_shops, nicolae_shop_trees, basic_altar, minmay_misc_feat_iff,
          minmay_stone_trees_medium, doesnt_xom_only_xom
D:7:      layout_basic, regret_index_temple_of_mockery,
          nicolae_qazlal_style_of_elements, minmay_temple_entry_overgrown,
          serial_shops, nicolae_shop_statue_plus, grunt_livestock
D:8:      layout_cave_pools, lemuel_doored_altar,
          eat_drink_and_be_merry_uskayaw, serial_glass, glass_columns_c,
          glass_columns_c, serial_bayou_lagoon_b, uniq_erica
D:9:      layout_roguey, overflow_temple_1_default, orc_0_dummy,
          kennysheep_minor_cross
D:10:     layout_cross, dpeg_oklobed_lair, kennysheep_generic_room_3
Temple:   compressed_dpeg_triangle_lava_temple

Skill      XL: |  1  2  3  4  5  6  7  8  9 |
---------------+----------------------------+-----
Polearms       | 4 5 6 7 9 10 | 10.6
Fighting       | 3 4 5 6 |  6.8
Armour         | 1 2 3 4 6 7 |  7.4
Throwing       | 3 4 5 6 |  6.3
Stealth        | 1 2 |  2.1
Slings         | 1 |  1.4
Dodging        | |  3.6

Action                   |  1- 3 |  4- 6 |  7- 9 || total
-------------------------+-------+-------+-------++-------
Melee: Trident           |    47 |   170 |   241 ||   458
       Headbutt          |     7 |    18 |    45 ||    70
 Fire: Hunting sling     |       |       |     3 ||     3
Throw: Throwing net      |     3 |     1 |     3 ||     7
       Stone             |     1 |    18 |    26 ||    45
       Boomerang         |       |    33 |       ||    33
       Dart              |       |    19 |    24 ||    43
  Use: Scroll            |       |     6 |     4 ||    10
       Potion            |       |     1 |     4 ||     5
 Stab: Held in net/web   |     1 |     2 |     1 ||     4
       Sleeping          |       |       |     1 ||     1
  Eat: Chunk             |       |     3 |     7 ||    10
       Ration            |       |     1 |     2 ||     3
Armor: Leather armour    |    10 |     4 |       ||    14
       Ring mail         |       |    25 |     5 ||    30
       Scale mail        |       |       |    42 ||    42
Dodge: Dodged            |    27 |    79 |    86 ||   192
Block: Other             |       |    37 |    38 ||    75
       Reflection        |       |     3 |     1 ||     4
